 Dungeon Crawl Stone Soup version 0.21.1-1-g345015f (webtiles) character file.

1380 FortyBot the Skirmisher (level 8, -1/96 HPs)
             Began as a Human Fighter on Feb 17, 2018.
             Was a Believer of Okawaru.
             Slain by an orc warrior (10 damage)
             ... in a bailey.
             The game lasted 00:58:55 (8879 turns).

FortyBot the Skirmisher (Human Fighter)             Turns: 8879, Time: 00:58:56

Health: -1/96      AC: 11    Str: 23    XL:     8   Next: 99%
Magic:  8/8        EV:  8    Int:  9    God:    Okawaru [**....]
Gold:   326        SH: 10    Dex: 13    Spells: 6/7 levels left

rFire    . . .     SeeInvis +   s - +0 flail (crush)
rCold    . . .     Gourm    .   c - +0 shield
rNeg     . . .     Faith    .   i - +0 chain mail
rPois    .         Spirit   .   o - +0 helmet
rElec    .         Reflect  .   (no cloak)
rCorr    .         Harm     .   (no gloves)
MR       .....                  h - +0 pair of boots
Stlth    ..........             (no amulet)
HPRegen  0.26/turn              v - ring of see invisible
MPRegen  0.11/turn              (no ring)

@: berserking (expiring), hasted, very quick
A: no striking features
a: Heroism, Renounce Religion


You were in a bailey.
You worshipped Okawaru.
Okawaru was pleased with you.
You were not hungry.

You visited 1 branch of the dungeon, and saw 7 of its levels.
You also visited: Bailey.

You collected 326 gold pieces.

Inventory:

Hand Weapons
 a - a +1 long sword
 d - a +8 club
 s - a +0 flail of crushing (weapon)
Missiles
 b - 268 stones
 w - 3 tomahawks (quivered)
Armour
 c - a +0 shield (worn)
 h - a +0 pair of boots (worn)
 i - a +0 chain mail (worn)
 o - a +0 helmet (worn)
Jewellery
 v - a ring of see invisible (left hand)
Scrolls
 k - 2 scrolls of remove curse
Potions
 e - a potion of mutation
 l - a potion of flight
 m - 2 potions of agility
 p - 2 potions of resistance
Books
 j - a book of Cantrips

   Spells                             Type                      Level
   a - Confusing Touch                Hexes                        1
   b - Animate Skeleton               Necromancy                   1
   c - Summon Small Mammal            Summoning                    1
   d - Apportation                    Translocation                1
Comestibles
 f - 3 rations


   Skills:
 + Level 6.0 Fighting
 - Level 4.0 Long Blades
 * Level 5.9 Maces & Flails
 - Level 3.1 Armour
 + Level 4.2 Dodging
 - Level 4.0 Shields


You had 6 spell levels left.
You knew the following spells:

 Your Spells              Type           Power        Failure   Level  Hunger
a - Apportation           Tloc           #.....       100%        1    ##.....


Dungeon Overview and Level Annotations

Branches:
Dungeon (7/15)             Temple (0/1) D:6

Altars:
Cheibriados
Elyvilon
Makhleb
Nemelex Xobeh
Okawaru
Ru
Uskayaw
Yredelemnul

Annotations:
D:3 exclusion: downstairs, Eustachio
D:4 Edmund; grimmz42's ghost, novice HOFi
D:5 exclusion: downstairs
D:6 exclusion: downstairs, Unforgiven's ghost, novice DsGl


Message History

You block the bolt.
You sock the orc!
You kill the orc!
Okawaru accepts your kill.
The orc warrior unwields an uncursed arbalest.
The orc warrior hits you but does no damage.
Items here: ( ) [ † an uncursed arbalest; 3 bolts; a ring mail; an orc corpse You barely miss the orc warrior.
You sock the orc warrior!
The orc warrior is severely wounded.
The orc warrior hits you but does no damage.
You hit the orc warrior.
The orc warrior is almost dead.
The orc warrior hits you.
* * * LOW HITPOINT WARNING * * *
You closely miss the orc warrior.
The orc warrior is almost dead.
The orc warrior hits you!
You die...

.........................(..((#
.............(.............)..#
≈...........(.....≈≈≈≈≈.).....#
≈≈......(..(.....≈≈#.#≈≈(....(#
#≈.......(((.....≈##.##≈.....(#
o≈..........(....≈..^.)≈.....(#
#≈...........(...≈#∩.##≈......#
≈≈......###.(((..≈≈#.#≈≈......#
≈....#### ####)@o.≈≈≈≈≈.......#
....# ##...............# ...#
##..............# ...
#..............# .
##.............#
#.............# #....(........#
#.............# #.............


You could see an orc warrior.

Vanquished Creatures
  A hippogriff (D:6)
  2 orc warriors (Bailey)
  2 ogres
  A bullfrog (D:6)
  A scorpion (D:5)
  A crimson imp (D:6)
  2 bullfrog zombies
  A hound (D:7)
  2 orc wizards
  2 bullfrog skeletons
  A centaur skeleton (D:4)
  A gnoll shaman (D:5)
  2 iguanas
  Natasha (twice) (D:3)
  A worker ant (D:6)
  A hound skeleton (D:5)
  Robin (D:3)
  4 gnolls (D:5)
  9 adders
  2 shadow imps (D:5)
  An ooze (D:3)
  3 worms (D:2)
  An adder skeleton (D:5)
  5 dart slugs
  2 leopard geckos
  13 orcs
  A ball python (D:2)
  6 giant cockroaches
  26 goblins
  12 hobgoblins
  15 jackals
  6 kobolds
  4 quokkas
  5 bats
  2 frilled lizards (D:1)
  5 rats
  A plant (D:2)
147 creatures vanquished.

Notes
Turn   | Place    | Note
-------+----------+-------------------------------------------
     0 | D:1      | FortyBot the Human Fighter began the quest for the Orb.
     0 | D:1      | Reached XP level 1. HP: 18/18 MP: 1/1
   106 | D:1      | Reached XP level 2. HP: 24/24 MP: 2/2
   408 | D:1      | Reached XP level 3. HP: 25/29 MP: 3/3
  1470 | D:2      | Reached XP level 4. HP: 35/35 MP: 4/4
  2305 | D:2      | Found a sparkling altar of Nemelex Xobeh.
  2404 | D:2      | Reached XP level 5. HP: 40/42 MP: 5/5
  2559 | D:2      | Found a sacrificial altar of Ru.
  2559 | D:2      | Found a hide-covered altar of Uskayaw.
  2612 | D:3      | Noticed a centaur
  3168 | D:3      | Noticed Robin
  3180 | D:3      | Killed Robin
  3418 | D:3      | Noticed Natasha
  3434 | D:3      | Killed Natasha
  3434 | D:3      | Reached skill level 4 in Fighting
  3435 | D:3      | HP: 1/42 [centaur/arrow (10)]
  3796 | D:3      | Noticed Natasha
  3803 | D:3      | Killed Natasha
  3803 | D:3      | Reached XP level 6. HP: 45/48 MP: 6/6
  3894 | D:3      | Reached skill level 1 in Maces & Flails
  3938 | D:3      | Learned a level 1 spell: Apportation
  3986 | D:3      | Found an iron altar of Okawaru.
  3994 | D:3      | Became a worshipper of Warmaster Okawaru
  4063 | D:3      | Found a burning altar of Makhleb.
  4063 | D:3      | Noticed a balrug
  4115 | D:3      | Found a basalt altar of Yredelemnul.
  4394 | D:4      | Noticed grimmz42's ghost (novice HOFi)
  4557 | D:4      | Noticed Eustachio
  4868 | D:4      | Noticed Edmund
  4898 | D:5      | Entered Level 5 of the Dungeon
  5452 | D:5      | Reached skill level 1 in Dodging
  5850 | D:5      | Found a white marble altar of Elyvilon.
  5975 | D:5      | Noticed an ogre
  6011 | D:5      | Killed an ogre
  6011 | D:5      | Reached XP level 7. HP: 35/55 MP: 7/7
  6374 | D:5      | Reached skill level 5 in Fighting
  6846 | D:5      | Reached * piety under Okawaru
  6878 | D:6      | Found a staircase to the Ecumenical Temple.
  6879 | D:6      | Noticed Unforgiven's ghost (novice DsGl)
  7036 | D:6      | Reached XP level 8. HP: 60/62 MP: 8/8
  7724 | D:6      | Found a snail-covered altar of Cheibriados.
  8230 | D:7      | Noticed a hippogriff
  8253 | D:6      | Killed a hippogriff
  8253 | D:6      | Reached skill level 5 in Maces & Flails
  8507 | D:7      | Found a flagged portal.
  8535 | Bailey   | Entered a bailey
  8843 | Bailey   | Reached ** piety under Okawaru
  8843 | Bailey   | Reached skill level 6 in Fighting
  8879 | Bailey   | Slain by an orc warrior

Skill      XL: |  1  2  3  4  5  6  7  8 |
---------------+-------------------------+-----
Long Blades    | 3 4 |  4.0
Fighting       | 4 5 6 |  6.0
Maces & Flails | 2 3 5 |  5.9
Shields        | 4 |  4.0
Dodging        | 1 2 4 |  4.2
Armour         | |  3.1

Action                   |  1- 3 |  4- 6 |  7- 9 || total
-------------------------+-------+-------+-------++-------
Melee: Long sword        |    91 |   142 |       ||   233
       Club              |       |    99 |    18 ||   117
       Flail             |       |       |   196 ||   196
Throw: Tomahawk          |       |    17 |     8 ||    25
       Stone             |       |     1 |       ||     1
Invok: Heroism           |       |       |     4 ||     4
  Use: Scroll            |       |    11 |     5 ||    16
       Potion            |       |     2 |     5 ||     7
  Eat: Chunk             |     2 |     4 |     3 ||     9
       Ration            |       |     3 |     2 ||     5
Armor: Scale mail        |    31 |    74 |       ||   105
       Chain mail        |       |     7 |   127 ||   134
Dodge: Dodged            |    26 |    63 |    84 ||   173
Block: Shield            |    37 |    94 |   121 ||   252
       Rpst.: Long sword |    12 |    13 |       ||    25
